 Dungeon Sprint DCSS version 0.17.1-1-g73c8601 (webtiles) character file.

59 Ponchio the Shield-Bearer (level 4, -10/31 HPs)
             Began as a Gargoyle Fighter on Dec 26, 2015.
             Splashed by an oklob sapling's acid (11 damage)
             ... in the Dungeon (Sprint IV: "Fedhas' Mad Dash").
             The game lasted 00:02:15 (226 turns).

Ponchio the Shield-Bearer (Gargoyle Fighter)         Turns: 226, Time: 00:02:17

Health: -10/31     AC: 11    Str: 20    XL:     4   Next: 3%
Magic:  4/4        EV:  7    Int:  8    God:
Gold:   48         SH: 10    Dex: 10    Spells: 0 memorised, 3 levels left

rFire  . . .     SeeInvis .     a - +0 flail
rCold  . . .     Clarity  .     b - +0 scale mail
rNeg   + . .     SustAt   .     c - +0 shield
rPois  ∞         Gourm    .     (no helmet)
rElec  +         Spirit   .     (no cloak)
rCorr  .         Warding  .     (no gloves)
rMut   .         NoTele   +     (no boots)
MR     .....                    (no amulet)
Stlth  ..........               (no ring)
                                (no ring)

@: not resistant to hostile enchantments, extremely unstealthy
A: negative energy resistance 1, electricity resistance, unbreathing,
petrification resistance, rot immunity, AC +3
a: no special abilities


You were in the Dungeon.
You were not hungry.

You visited 1 branch You collected 48 gold pieces.

Inventory:

Hand Weapons
 a - a +0 flail (weapon)
Armour
 b - a +0 scale mail (worn)
 c - a +0 shield (worn)
Jewellery
 m - an uncursed ring of invisibility
Scrolls
 k - a scroll of blinking
Potions
 d - a potion of might
 f - a potion of curing
 g - a potion of heal wounds
 h - a potion of haste
 i - 3 potions of magic
 j - a potion of berserk rage
 l - a potion of agility {unknown}
Comestibles
 e - a bread ration


   Skills:
 + Level 5.2 Fighting
 + Level 4.1 Maces & Flails
 + Level 5.2 Armour
 + Level 5.2 Shields


You had 3 spell levels left.
You didn't know any spells.

Dungeon Overview and Level Annotations

Branches:
Dungeon (1/1)

Altars:
Cheibriados
Elyvilon
Kikubaaqudgha
Sif Muna
Trog
Vehumet
Zin
Jiyva
Lugonu

Annotations:
D exclusion: 2 oklob saplings


Innate Abilities, Weirdness & Mutations

You are resistant to torment.
Your stone body is resilient (AC +3).
You are immune to poison.
You resist negative energy.
You are resistant to electric shocks.
You can survive without breathing.
You are immune to petrification.
You are immune to rotting.


Message History

Found 19 gold pieces.
There is an open door here.
You hit the oklob sapling but do no damage.
You hit the oklob sapling but do no damage.
You hit the oklob sapling.
The oklob sapling is heavily damaged.
You hit the oklob sapling but do no damage.
The oklob sapling is heavily damaged.
The oklob sapling spits acid at you. The splash of acid hits you!
The acid burns!
* * * LOW HITPOINT WARNING * * *
You hit the oklob sapling but do no damage.
The oklob sapling is heavily damaged.
You hit the oklob sapling but do no damage.
The oklob sapling is heavily damaged.
The oklob sapling spits acid at you. The splash of acid hits you!
* * * LOW HITPOINT WARNING * * *
The acid burns!
You die...

################## #####
#<..P#.....#.....#.⌠....
#PP..'.†...'.#†..+._._._
#PPPP#.....#.#...#_._._P
###############'## _._._
+.@.# .... #$P$# ###
#####


You could see an oklob sapling.

Vanquished Creatures
  An oklob sapling (D)
  A worker ant (D)
  A river rat (D)
  A rat (D)
4 creatures vanquished.

Notes
Turn   | Place    | Note
--------------------------------------------------------------
     0 | D        | Ponchio the Gargoyle Fighter began the quest for the Orb.
     0 | D        | Reached XP level 1. HP: 14/14 MP: 1/1
    15 | D        | Reached skill level 4 in Fighting
    15 | D        | Reached XP level 2. HP: 17/20 MP: 2/2
    58 | D        | Noticed an oklob sapling
    63 | D        | Killed an oklob sapling
    63 | D        | Reached XP level 3. HP: 25/25 MP: 3/3
    66 | D        | Noticed a worker ant
    80 | D        | Killed a worker ant
    80 | D        | Reached skill level 5 in Fighting
    80 | D        | Reached skill level 5 in Armour
    80 | D        | Reached skill level 5 in Shields
    80 | D        | Reached XP level 4. HP: 25/31 MP: 4/4
   139 | D        | Found a snail-covered altar of Cheibriados.
   139 | D        | Found a glowing silver altar of Zin.
   139 | D        | Found a white marble altar of Elyvilon.
   139 | D        | Found a viscous altar of Jiyva.
   139 | D        | Found a radiant altar of Vehumet.
   139 | D        | Found a deep blue altar of Sif Muna.
   139 | D        | Found an ancient bone altar of Kikubaaqudgha.
   139 | D        | Found a bloodstained altar of Trog.
   139 | D        | Found a corrupted altar of Lugonu.
   139 | D        | Noticed an oklob sapling priest
   218 | D        | Noticed an oklob sapling
   226 | D        | HP: 1/31 [oklob sapling/splash of acid (4)]
   226 | D        | Splashed by an oklob sapling's acid

Action                   |  1- 3 |  4- 6 || total
-------------------------+-------+-------++-------
Melee: Flail             |    28 |     6 ||    34
